 Dungeon Crawl Stone Soup version 0.30.0-13-g156ef70053 (webtiles) character file.

Game seed: 10241632363067564210

1 Esekla the Grave Robber (level 1, 0/11 HPs)
             Began as an Octopode Necromancer on May 17, 2023.
             Succumbed to a kobold's poison
             ... on level 1 of the Dungeon.
             The game lasted 00:00:36 (73 turns).

Esekla the Grave Robber (Octopode Necromancer)        Turns: 73, Time: 00:00:37

Health: 0/11       AC:  1    Str:  7    XL:     1   Next: 20%
Magic:  3/3        EV: 13    Int: 17    God:
Gold:   17         SH:  0    Dex: 12    Spells: 3/4 levels left

rFire   . . .        (no weapon)
rCold   . . .        (no shield)
rNeg    . . .        (helmet restricted)
rPois   .            (no amulet)
rElec   .            (no ring)
rCorr   .            (no ring)
SInv    .            (no ring)
Will    .....        (no ring)
Stlth   +++          (no ring)
HPRegen 0.21/turn    (no ring)
MPRegen 0.08/turn    (no ring)
                     (no ring)

%: no passive effects
@: lethally poisoned (0 -> -17)
A: almost no armour, amphibious, 8 rings, camouflage 1, gelatinous body 1,
(nimble swimmer 1), tentacles
a: no special abilities


You were on level 1 of the Dungeon.
You visited 1 branch of the dungeon, and saw 1 of its levels.

You collected 17 gold pieces.

Inventory:

Potions
 a - a potion of magic


   Skills:
 * Level 2.0 Dodging
 + Level 2.6 Stealth
 * Level 2.0 Spellcasting
 + Level 4.0 Necromancy


You had 3 spell levels left.
You knew the following spells:

 Your Spells              Type           Power      Damage    Failure   Level
a - Necrotise             Necr           60%        1d7       3%          1

Your spell library contained the following spells:

 Spells                   Type           Power      Damage    Failure   Level
 Vampiric Draining        Necr           15%        2d7       11%         3
 Animate Dead             Necr           15%        N/A       36%         4
 Agony                    Necr           15%        N/A       71%         5


Dungeon Overview and Level Annotations

Branches:
Dungeon (1/15)

Altars:


Innate Abilities, Weirdness & Mutations

You cannot wear most types of armour.
You are amphibious.
You can wear up to eight rings at the same time.
Your skin changes colour to match your surroundings (Stealth+).
Your rubbery body absorbs attacks. (AC +1, EV +1)
((You are camouflaged when in or above water. (Stealth+)))
You have tentacles for arms and can constrict up to eight enemies at once.


Message History

There is an open door here.
You now have 6 gold pieces.
There is an open door here.
You open the door.
There is an open door here.
You open the door.
Found 11 gold pieces.
There is an open door here.
A ball python comes into view.
You see here 11 gold pieces.
You now have 17 gold pieces (gained 11).
There is an open door here.
You open the door.
An endoplasm comes into view.
The endoplasm quivers.
There is an open door here.
You tentacle-slap the endoplasm but do no damage.
The endoplasm closely misses you.
You tentacle-slap the endoplasm. You squeeze the endoplasm.
You kill the endoplasm!
There is an open door here.
A kobold comes into view. It is wielding a +0 dagger of venom.
The kobold shouts!
The kobold moves out of view.
The kobold throws a stone.
The stone hits you.
You tentacle-slap the kobold. Your grab misses the kobold.
The kobold is heavily wounded.
The kobold hits you with a +0 dagger of venom.
You are poisoned.
You closely miss the kobold. You grab the kobold.
The kobold is heavily wounded.
You constrict the kobold, but do no damage.
You feel sick.
The kobold hits you with a +0 dagger of venom.
You are more poisoned.
Okay, then.
You tentacle-slap the kobold but do no damage.
The kobold is heavily wounded.
You constrict the kobold.
You die...

..#.<..# '##....##+ #+
..##'###...###+##.. +
..+....+...+....+. ..
.##..####..##...#.
##..#
.#.#.####...#..#.#....#
##..###.....#.#..#....#
..###....#....##......#
.......#...#....@K#
#.......#.......#.#
##.#..........#..##
###..##....#..###
###......#### #.#..###
...#####'#####..
#..............
#######.######.


You could see a kobold.

Vanquished Creatures
  An endoplasm (D:1)
1 creature vanquished.

Notes
Turn   | Place    | Note
-------+----------+-------------------------------------------
     0 | D:1      | Esekla the Octopode Necromancer began the quest for the
                  | Orb.
     0 | D:1      | Reached XP level 1. HP: 11/11 MP: 3/3
    73 | D:1      | Succumbed to a kobold's poison

Illustrated notes

Levels and vault maps discovered:
D:1:      arrival_zaba_pyramid, layout_basic, shapermc_ecumenical_altar_venn

Action                     || total
---------------------------++-------
  Melee: Unarmed           ||     5
         Constrict         ||     1
         Tentacles         ||     1
  Dodge: Dodged            ||     1
